 Dungeon Crawl Stone Soup version 0.29.1-12-g30fa7ad0bf (webtiles) character file.

Game seed: 9914959009567149840

22 Lutefisk the Gusty (level 2, 0/18 HPs)
             Began as a Tengu Air Elementalist on Dec 28, 2022.
             Killed by divine providence
             ... invoked by an orc priest
              (11 damage)
             ... on level 3 of the Dungeon.
             The game lasted 00:03:47 (465 turns).

Lutefisk the Gusty (Tengu Air Elementalist)          Turns: 465, Time: 00:03:48

Health: 0/18       AC:  3    Str:  8    XL:     2   Next: 91%
Magic:  2/6        EV: 12    Int: 15    God:
Gold:   34         SH:  0    Dex: 14    Spells: 4/5 levels left

rFire   . . .      SeeInvis .   e - +0 dagger
rCold   . . .      Faith    .   (no shield)
rNeg    . . .      Spirit   .   a - +0 robe
rPois   .          Reflect  .   h - +1 hat
rElec   .          Harm     .   (no cloak)
rCorr   .          Rampage  .   (no gloves)
Will    .....                   (boots unavailable)
Stlth   ++........              (no amulet)
HPRegen 0.06/turn               (no ring)
MPRegen 0.10/turn               (no ring)

@: no status effects
A: beak, talons 3
a: no special abilities


You were on level 3 of the Dungeon.
You visited 1 branch of the dungeon, and saw 3 of its levels.

You collected 34 gold pieces.

Inventory:

Hand Weapons
 e - a +0 dagger (weapon)
Missiles
 g - 2 poisoned darts
Armour
 a - a +0 robe (worn)
 h - a +1 hat (worn)
Scrolls
 f - a scroll of enchant armour {unknown}
 k - a scroll of identify {unknown}
 l - a scroll of immolation {unknown}
 m - a scroll of amnesia {unknown}
Potions
 b - a potion of magic
 c - 2 potions of lignification {unknown}
 d - a potion of degeneration {unknown}
 i - a potion of heal wounds {unknown}
 j - a potion of might {unknown}


   Skills:
 + Level 2.3 Fighting
 - Level 2.1 Dodging
 - Level 2.0 Stealth
 - Level 2.0 Spellcasting
 * Level 1.6 Conjurations
 - Level 4.0 Air Magic


You had 4 spell levels left.
You knew the following spells:

 Your Spells              Type           Power      Damage    Failure   Level
a - Shock                 Conj/Air       36%        1d5       7%          1

Your spell library contained the following spells:

 Spells                   Type           Power      Damage    Failure   Level
 Static Discharge         Conj/Air       9%         3-5/arc   11%         2
 Swiftness                Air            13%        N/A       13%         3
 Freeze                   Ice            4%         1d3       22%         1
 Airstrike                Air            6%         2d(1-17)  38%         4
 Conjure Flame            Conj/Fire      3%         6-21      43%         3
 Frozen Ramparts          Ice            2%         1d1       54%         3
 Ignite Poison            Fire/Tmut/Pois 1%         N/A       54%         3
 Hailstorm                Conj/Ice       3%         3d3       85%         4
 Sticky Flame             Conj/Fire      3%         2d3       85%         4


Dungeon Overview and Level Annotations

Branches:
Dungeon (3/15)

Altars:


Innate Abilities, Weirdness & Mutations

You have a beak for a mouth.
You have claws for feet.


Message History

The zap misses the orc.
Casting: Shock (safe; 8% risk of failure)
Confirm with . or Enter, or press ? or * to list all spells.
Aiming: Shock (safe; 8% risk of failure)
Press: ? - help, Shift-Dir - straight line, f/p - orc
Aim: an orc, wielding a +0 flail, wearing a +0 ring mail and quivering boomerangs (heavily wounded, 72% to hit)
The zap hits the orc.
The orc is almost dead.
Unknown command.
The orc throws a boomerang.
The boomerang closely misses you.
There is a stone staircase leading down here.
The orc throws a boomerang.
The boomerang hits you but does no damage.
An orc priest comes into view. It is wielding a +0 dagger.
Casting: Shock (safe; 8% risk of failure)
Confirm with . or Enter, or press ? or * to list all spells.
Aiming: Shock (safe; 8% risk of failure)
Press: ? - help, Shift-Dir - straight line, p - orc You miscast Shock.
You are very lightly contaminated with residual magic.
Nothing appears to happen.
The orc priest shouts!
The orc throws a boomerang.
The boomerang barely misses you.
Casting: Shock (safe; 8% risk of failure)
Confirm with . or Enter, or press ? or * to list all spells.
Aiming: Shock (safe; 8% risk of failure)
Press: ? - help, Shift-Dir - straight line The zap hits the orc but does no damage.
The orc is almost dead.
The zap hits the orc.
The orc is heavily wounded.
The zap misses the orc.
The zap hits the orc.
You kill the orc!
The orc priest mumbles some strange prayers to Beogh against you.
Beogh smites you!
Your magical contamination has completely faded away.
The orc priest mumbles some strange prayers to Beogh against you.
Beogh smites you!
Ouch! That really hurt!
You die...

#.#......#.#
#o#.##...#.#
#.#.##...#.#
#.#.##...#.#
#.#......#.#
#o#..#...#.#
#.#..#...#.#
#.#........#
#@####.#.########.
#.#....>..........
#.#.##.####.######
#.#. #.........#
..#. ######.##.#
###. #...#<.#.# #.
#[#.#..#.# #.
#.#.##.#.# #.
#.#....#.#


You could see an orc priest and an orc.

Vanquished Creatures
  An orc (D:3)
  3 endoplasms
  4 jackals (D:2)
  2 quokkas (D:2)
  4 ball pythons
  2 bats
  2 kobolds
18 creatures vanquished.

Notes
Turn   | Place    | Note
-------+----------+-------------------------------------------
     0 | D:1      | Lutefisk the Tengu Air Elementalist began the quest for the
                  | Orb.
     0 | D:1      | Reached XP level 1. HP: 10/10 MP: 4/4
    75 | D:1      | Reached skill level 1 in Fighting
   119 | D:2      | Reached XP level 2. HP: 12/16 MP: 0/6
   465 | D:3      | Killed from afar by an orc priest

Illustrated notes

Levels and vault maps discovered:
D:1:      dpeg_arrival_arbitrary_a, layout_basic
D:2:      layout_loops_cross, bh_walls_and_bars, uniq_natasha
D:3:      layout_basic, lemuel_coloured_pillars_altar, minmay_between

Skill      XL: |  1  2 |
---------------+-------+-----
Fighting       | 1 2 |  2.3
Dodging        | |  2.1
Stealth        | |  2.0
Spellcasting   | |  2.0
Conjurations   | |  1.6
Air Magic      | |  4.0

Action                   || total
-------------------------++-------
Melee: Unarmed           ||     3
       Dagger            ||    14
       Kick              ||     3
       Peck              ||     1
 Cast: Shock             ||    31
Armor: Robe              ||     7
Dodge: Dodged            ||    20
